 Dungeon Crawl Stone Soup version 0.24-a0-582-g4d4af813a0 (webtiles) character file.

Game seed: 11241946167418478030

503 DasRunzen the Skirmisher (level 6, -5/57 HPs)
             Began as a Minotaur Fighter on Aug 27, 2019.
             Slain by Killmatronix's ghost (7 damage)
             ... on level 4 of the Dungeon.
             The game lasted 00:06:40 (3087 turns).

DasRunzen the Skirmisher (Minotaur Fighter)         Turns: 3087, Time: 00:06:41

Health: -5/57      AC: 10    Str: 20    XL:     6   Next: 96%
Magic:  5/5        EV:  7    Int:  5    God:
Gold:   243        SH: 12    Dex: 12    Spells: 5/5 levels left

rFire    . . .     SeeInvis .   a - +0 war axe
rCold    . . .     Gourm    .   c - +2 shield
rNeg     . . .     Faith    .   b - +0 scale mail
rPois    .         Spirit   .   (helmet restricted)
rElec    .         Reflect  .   m - +0 cloak (curse)
rCorr    .         Harm     .   n - +0 pair of gloves
MR       .....                  (no boots)
Stlth    ..........             (no amulet)
HPRegen  0.19/turn              (no ring)
MPRegen  0.09/turn              (no ring)

@: starving
A: retaliatory headbutt, horns 2
a: no special abilities


You were on level 4 of the Dungeon.
You were starving.

You visited 1 branch of the dungeon, and saw 4 of its levels.

You collected 243 gold pieces.

Inventory:

Hand Weapons
 a - a +0 war axe (weapon)
Armour
 b - a +0 scale mail (worn)
 c - a +2 shield (worn)
 m - a cursed +0 cloak (worn)
 n - a +0 pair of gloves (worn)
Scrolls
 g - 5 scrolls of remove curse
Potions
 d - a potion of might
 e - a potion of flight {unknown}
 h - a potion of heal wounds {unknown}
 i - 2 potions of agility
 j - 3 potions of degeneration {unknown}
 k - a potion of lignification {unknown}
 l - a potion of cancellation {unknown}
 o - a potion of haste {unknown}
Comestibles
 f - 9 rations


   Skills:
 + Level 5.7 Fighting
 + Level 4.9 Axes
 + Level 5.6 Armour
 + Level 5.7 Shields


You had 5 spell levels left.
You didn't know any spells.
Your spell library was empty.

Dungeon Overview and Level Annotations

Branches:
Dungeon (4/15)
 Temple: D:4-7

Altars:
Qazlal

Annotations:
D:4 Killmatronix's ghost, amateur MiSu


Innate Abilities, Weirdness & Mutations

You reflexively headbutt those who attack you in melee.
You have a pair of horns on your head.


Message History

You block the crimson imp's attack.
Killmatronix's ghost wails, "You will join me soon!"
You block Killmatronix's ghost's attack.
You closely miss Killmatronix's ghost.
Killmatronix's ghost is almost destroyed.
You hit the crimson imp. You hit the white imp.
You block the white imp's attack. The crimson imp hits you.
* * * LOW HITPOINT WARNING * * *
Killmatronix's ghost barely misses you.
Unknown command.
You closely miss Killmatronix's ghost.
Killmatronix's ghost is almost destroyed.
You hit the white imp. You barely miss the crimson imp.
The white imp hits you but does no damage.
The crimson imp lashes its tail.
You block the crimson imp's attack. Killmatronix's ghost hits you!
* * * LOW HITPOINT WARNING * * *
The crimson imp blinks!
You block the white imp's attack. You block the crimson imp's attack.
Killmatronix's ghost hits you!
You die...

..............#..........#......#
..............#########..#......#
..............#..#.#..#..#......#
####....########.$?.5##..#.######
####....#.....#.......####.##...#
..'.....#.....##.....##.........#
..#.....#.....#..§....#.........#
..#.....#.....###W''###.........#
..#.....#.......@5§...#....##...#
####....'.......#5...##....##...#
..##....#.......#....##.........#
..##....#.......+..........##...#
........#.......#..........######
........#.......#...........#
........#.......###'###....##
..##....#.....^.......######
..##....#...........>.#


You could see Killmatronix's ghost, 2 crimson imps and a white imp.

Vanquished Creatures
  A phantom (D:4)
  2 orc wizards (D:4)
  2 centaur skeletons (D:4)
  A bullfrog skeleton (D:4)
  A hound (D:4)
  2 orc priests (D:4)
  A worker ant (D:4)
  6 adders
  An ooze (D:1)
  An adder zombie (D:2)
  3 adder skeletons (D:4)
  2 worms
  3 dart slugs
  4 leopard geckos
  8 orcs
  3 giant cockroaches
  2 goblins
  7 hobgoblins
  8 jackals
  A quokka (D:3)
  4 bats
  8 frilled lizards
  A jackal zombie (D:4)
  8 kobolds
  3 rats
83 creatures vanquished.

Notes
Turn   | Place    | Note
-------+----------+-------------------------------------------
     0 | D:1      | DasRunzen the Minotaur Fighter began the quest for the Orb.
     0 | D:1      | Reached XP level 1. HP: 19/19 MP: 0/0
   147 | D:1      | Reached XP level 2. HP: 12/27 MP: 1/1
   349 | D:1      | Reached XP level 3. HP: 27/33 MP: 2/2
  1172 | D:2      | Reached XP level 4. HP: 37/41 MP: 3/3
  2085 | D:4      | Reached XP level 5. HP: 46/47 MP: 4/4
  2258 | D:4      | Found a runed translucent gate.
  2311 | D:4      | Reached skill level 5 in Fighting
  2311 | D:4      | Reached skill level 5 in Shields
  2325 | D:4      | Reached skill level 5 in Armour
  2334 | D:4      | Noticed a phantom
  2349 | D:4      | Killed a phantom
  2349 | D:4      | Reached XP level 6. HP: 54/56 MP: 5/5
  2643 | D:4      | Found a runed translucent gate.
  2643 | D:4      | Found a runed translucent gate.
  2712 | D:4      | Found a stormy altar of Qazlal.
  3037 | D:4      | Noticed Killmatronix's ghost (amateur MiSu)
  3087 | D:4      | HP: 2/57 [Killmatronix's ghost (7)]
  3087 | D:4      | Slain by Killmatronix's ghost

Levels and vault maps discovered:
D:1:      sevenhm_arrival_forest_fort_small_6, layout_basic, serial_forest,
          infiniplex_forest_clump_tiny, infiniplex_forest_clump_long,
          infiniplex_forest_lined_room_, infiniplex_forest_end_2,
          infiniplex_forest_clump_tiny, infiniplex_forest_straight_3,
          infiniplex_forest_lined_3, infiniplex_forest_lined_corner,
          infiniplex_forest_lined_room_3, st_stairs_13
D:2:      layout_basic
D:3:      layout_basic, first_ration
D:4:      cheibrodos_old_hovel, layout_gridville,
          nicolae_qazlal_eye_of_the_storm, gammafunk_ghost_necromancy

Skill      XL: |  1  2  3  4  5 |
---------------+----------------+-----
Armour         | 4 5 |  5.6
Fighting       | 4 5 |  5.7
Shields        | 4 5 |  5.7
Axes           | 3 4 |  4.9

Action                   |  1- 3 |  4- 6 || total
-------------------------+-------+-------++-------
Melee: War axe           |    72 |   160 ||   232
       Headbutt          |    10 |    25 ||    35
  Use: Scroll            |     4 |     4 ||     8
  Eat: Chunk             |       |     5 ||     5
Armor: Scale mail        |    23 |    85 ||   108
Dodge: Dodged            |    19 |    43 ||    62
Block: Shield            |    51 |   124 ||   175

Table legend:
 A = Non-vault XP
 B = Vault XP
 C = Vault XP percentage of total XP
 D = Non-vault monster count
 E = Vault monster count
 F = Vault count percentage of total count
                 A         B        C        D         E       F
            +---------+---------+-------+---------+---------+-------
      Total |     580 |     139 |  19.3 |      78 |       5 |   6.0
            +---------+---------+-------+---------+---------+-------
        D:1 |      37 |       7 |  15.9 |      20 |       1 |   4.8
        D:2 |      83 |       0 |   0.0 |      23 |       0 |   0.0
        D:3 |      51 |       0 |   0.0 |      14 |       0 |   0.0
        D:4 |     409 |     132 |  24.4 |      21 |       4 |  16.0
            +---------+---------+-------+---------+---------+-------
